 Dungeon Crawl Stone Soup version 0.30-a0-165-g1891117ce2 (webtiles) character file.

Game seed: 4874136271883038231

67 porpoise the Sneak (level 4, -2/31 HPs)
             Began as a Kobold Delver on Sept 29, 2022.
             Slain by a hound (3 damage)
             ... on level 3 of the Dungeon.
             The game lasted 00:06:44 (1923 turns).

porpoise the Sneak (Kobold Delver)                  Turns: 1923, Time: 00:06:45

Health: -2/31      AC:  3    Str:  9    XL:     4   Next: 38%
Magic:  4/4        EV: 14    Int: 11    God:
Gold:   84         SH:  0    Dex: 16    Spells: 3/3 levels left

rFire   . . .      SeeInvis .    a - +0 short sword
rCold   . . .      Faith    .    (no shield)
rNeg    . . .      Spirit   .    b - +0 leather armour
rPois   +          Reflect  .    (no helmet)
rElec   .          Harm     .    (no cloak)
rCorr   .          Rampage  .    (no gloves)
Will    .....                    (no boots)
Stlth   ++++......               (no amulet)
HPRegen 0.10/turn                p - ring of poison resistance
MPRegen 0.09/turn                (no ring)

@: brilliant, attractive
A: small, no large weapons, nightstalker 3, clumsy 1, robust 1
a: no special abilities


You were on level 3 of the Dungeon.
You visited 1 branch of the dungeon, and saw 5 of its levels.

You collected 162 gold pieces.
You spent 78 gold pieces at shops.

Inventory:

Hand Weapons
 a - a +0 short sword (weapon)
Missiles
 k - 6 boomerangs (quivered)
Armour
 b - a +0 leather armour (worn)
Magical Staves
 m - a staff of air
Jewellery
 p - a ring of poison resistance (left hand)
Wands
 g - a wand of digging (3)
Scrolls
 c - a scroll of fog
 d - a scroll of magic mapping
 e - a scroll of fear
 j - a scroll of noise
 n - 2 scrolls of identify
 o - a scroll of teleportation {unknown}
 q - 2 scrolls of butterflies
Potions
 f - a potion of haste


   Skills:
 + Level 3.9 Fighting
 * Level 4.5 Short Blades
 - Level 2.4 Dodging
 + Level 7.1 Stealth


You had 3 spell levels left.
You didn't know any spells.
Your spell library was empty.

Dungeon Overview and Level Annotations

Branches:
Dungeon (5/15)
 Temple: D:4-7

Altars:
Vehumet

Shops:
D:3 ?


Innate Abilities, Weirdness & Mutations

You are small and have problems with some larger weapons.
You are completely attuned to the shadows.
You are clumsy. (Dex -2)
You are robust. (+10% HP)


Message History

The hound bites you but does no damage. The hound misses you.
It was a potion of mutation.
You feel extremely strange.
You feel clumsy.
You feel robust. The hound misses you.
You hit the hound.
The hound is heavily wounded.
The hound closely misses you.
You hit the hound.
The hound is heavily wounded.
The hound closely misses you. The hound barely misses you.
You closely miss the hound.
The hound is heavily wounded.
The hound bites you.
* * * LOW HITPOINT WARNING * * *
You barely miss the hound.
The hound is heavily wounded.
The hound barely misses you.
You barely miss the hound.
The hound is heavily wounded.
The hound bites you.
* * * LOW HITPOINT WARNING * * *
You barely miss the hound.
The hound is heavily wounded.
The hound barely misses you.
You hit the hound.
The hound is almost dead.
The hound closely misses you.
You completely miss the hound.
The hound is almost dead.
The hound bites you but does no damage.
You closely miss the hound.
The hound is almost dead.
The hound completely misses you. x2
You hit the hound.
The hound is almost dead.
The hound closely misses you.
You closely miss the hound.
The hound is almost dead.
The hound bites you.
You die...

. .# ###.#
#...# #@..#
##h).####
.........###
.....÷).....
.......∩.##
###...#.##
#...#.#
......# ...


You could see a hound.

Vanquished Creatures
  A gnoll (D:1)
  An ufetubus (D:3)
  4 dart slugs (D:2)
  6 ball pythons
  2 bats
  An endoplasm (D:1)
  2 giant cockroaches
  3 goblins
  8 hobgoblins
  2 jackals (D:2)
  5 frilled lizards
  5 kobolds
  3 rats
43 creatures vanquished.

Vanquished Creatures (others)
  4 toadstools (D:1)
4 creatures vanquished.

Grand Total: 47 creatures vanquished

Notes
Turn   | Place    | Note
-------+----------+-------------------------------------------
     0 | D:5      | porpoise the Kobold Delver began the quest for the Orb.
     0 | D:5      | Reached XP level 1. HP: 14/14 MP: 1/1
   179 | D:1      | Reached XP level 2. HP: 16/19 MP: 2/2
   350 | D:1      | Reached XP level 3. HP: 23/23 MP: 3/3
  1035 | D:2      | Reached skill level 7 in Stealth
  1105 | D:2      | Found a radiant altar of Vehumet.
  1390 | D:2      | Reached XP level 4. HP: 26/29 MP: 4/4
  1679 | D:3      | Found Poovar's Magic Scroll Emporium.
  1783 | D:3      | Bought a scroll of identify for 26 gold pieces
  1783 | D:3      | Bought a scroll of butterflies for 52 gold pieces
  1912 | D:3      | Gained mutation: You are clumsy. (Dex -2) [potion of
                  | mutation]
  1912 | D:3      | Gained mutation: You are robust. (+10% HP) [potion of
                  | mutation]
  1917 | D:3      | HP: 1/31 [hound (3)]
  1923 | D:3      | Slain by a hound

Illustrated notes

Levels and vault maps discovered:
D:1:      ldierk_water_garden, layout_basic, serial_rivers,
          chequers_serial_rivers_small_b, chequers_serial_rivers_micro_c,
          chequers_serial_rivers_micro_a, chequers_serial_rivers_room_b
D:2:      layout_basic, basic_altar
D:3:      minmay_chambers_of_twos, layout_loops_corners, serial_shops, shop,
          minivault_4
D:4:      layout_rooms, serial_curves, eino_curves_02, eino_curves_04,
          eino_curves_04, nicolae_kite_square_tiling_tiny,
          minmay_misc_feat_ornament, uniq_ijyb
D:5:      layout_basic, lemuel_tele_altar

Skill      XL: |  1  2  3 |
---------------+----------+-----
Short Blades   | 3 4 |  4.5
Stealth        | 7 |  7.1
Fighting       | |  3.9
Dodging        | |  2.4

Action                   |  1- 3 |  4- 6 || total
-------------------------+-------+-------++-------
Melee: Short sword       |    67 |    47 ||   114
       Punch             |       |     1 ||     1
Throw: Boomerang         |       |     2 ||     2
  Use: Potion            |       |     3 ||     3
       Scroll            |       |     1 ||     1
 Stab: Sleeping          |    20 |     5 ||    25
Armor: Leather armour    |     8 |     7 ||    15
Dodge: Dodged            |    27 |    36 ||    63

Table legend: (Time is in decaauts)
 A = Elapsed time spent in this place.
 B = Non-inter-level travel time spent in this place.
 C = Inter-level travel time spent in this place.
 D = Time resting spent in this place.
 E = Time spent auto-exploring this place.
 F = Levels seen in this place.
 G = Mean time per level.
                   A        B        C        D        E       F      G
               +--------+--------+--------+--------+--------+-----+--------+
         Total |   1904 |   1869 |     35 |    373 |   1134 |   5 |  380.8 |
       Dungeon |   1904 |   1869 |     35 |    373 |   1134 |   5 |  380.8 |
               +--------+--------+--------+--------+--------+-----+--------+

Top non-repeatable levels by time:
     D:1: 838 daAuts
     D:2: 751 daAuts
     D:3: 262 daAuts
     D:5: 46 daAuts
     D:4: 5 daAuts
